AoeStats
← 明

Arabian Desert

510119153Analyzed
1v1 RM · 2d ago on Sep 29, 2026· 52m 54s· 2 players
Game mode
Random Map
Map size
Tiny (2 player)
Population
200
Speed
Normal
Resources
Standard
Victory
Conquest
Starting age
Dark Age
Ending age
Imperial Age
RankedLock teamsTeams togetherTeam positionsShared explorationLock speedFull tech treeHidden civsTurbo modeCheats
Victory
Defeat
🇨🇳 Spanish · China
772
+20
🇨🇱 Byzantines · Chile
803
-17
明
10:37 Feudal Age
11:03 Double-Bit Axe
12:57 Loom
18:30 Castle Age
17:00 Stone Mining
17:50 Bloodlines
17:40 Gold Mining
17:55 Horse Collar
19:21 Bow Saw
21:24 Padded Archer Armor
21:26 Husbandry
23:08 Leather Archer Armor
26:11 Murder Holes
26:16 Herbal Medicine
29:13 Wheelbarrow
34:51 Imperial Age
33:21 Scale Barding Armor
33:30 Forging
34:34 Hand Cart
34:41 Hand Cart
34:12 Town Watch
34:57 Heavy Plow
35:08 Scale Barding Armor
35:13 Forging
36:45 Chemistry
36:41 Elite Conquistador
37:45 Supremacy
38:50 Inquisition
40:22 Ring Archer Armor
40:28 Masonry
40:45 Conscription
41:01 Hoardings
39:54 Cavalier
43:19 Two-Man Saw
43:51 Paladin
44:49 Town Patrol
45:31 Chain Barding Armor
45:55 Iron Casting
49:38 Blast Furnace
49:14 Plate Barding Armor
Patoko6966
3:18 Loom
10:43 Feudal Age
13:13 Double-Bit Axe
18:08 Horse Collar
19:53 Gold Mining
22:06 Castle Age
20:29 Fletching
21:45 Wheelbarrow
22:01 Forging
22:54 Pikeman
23:05 Elite Skirmisher
24:06 Bodkin Arrow
26:29 Heavy Plow
26:41 Bow Saw
29:20 Murder Holes
29:06 Treadmill Crane
31:19 Ballistics
32:06 Hand Cart
40:00 Imperial Age
41:05 Conscription
42:47 Chemistry
43:25 Iron Casting
42:51 Bracer
49:25 Two-Man Saw
49:03 Crop Rotation
52:30 Scale Mail Armor
Connection lost

Rejoining the realm…

Still unreachable

The connection could not be restored.

Session expired

The server has moved on; the page needs a fresh start.